[Event "34rd NATO Championship 2024"]
[Site "Rhodes"]
[Date "2024.10.22"]
[Round "3.13"]
[White "Fichtner, Ewald"]
[Black "Alainis, Artis"]
[Result "0-1"]
[ECO "D00"]
[WhiteElo "2063"]
[BlackElo "1937"]
[Annotator "RC"]
[PlyCount "76"]
[EventDate "2024.09.18"]
[EventType "swiss"]
[EventCountry "GRE"]
[SourceTitle "playchess.com"]
[Source "ChessBase"]
[SourceQuality "1"]
[TimeControl "5400+30"]

1. d4 d5 2. Nc3 Nf6 3. Bf4 a6 4. e3 b5 5. a3 e6 6. b4 Bd6 7. Nf3 Ne4 8. Nxe4 dxe4 9. Bxd6 cxd6 10. Nd2 d5 11. a4 bxa4 12. Rxa4 O-O 13. c4 f5 14. g3 Ra7 15. c5 g5 16. b5 f4 17. gxf4 gxf4 18. Rg1+ Kh8 19. Qh5 Rf5 20. Qh6 Rf6 21. Qg5 Qf8 22. c6 Rf5 23. Qh4 Raf7 24. Be2 R5f6 25. Qh5 Rf5 26. Qh4 Rc7 27. bxa6 Nxc6 28. Nb3 Rff7 29. exf4 Rxf4 30. Qg3 Ra7 31. Bb5 Ne7 32. Rg2 Ng6 33. Qg5 Rf5 34. Qg3 Rf3 35. Qb8 Rxb3 36. Qxa7 Rxb5 37. Qc7 Rb1+ 38. Ke2 Qf3+ 0-1

[Event "34rd NATO Championship 2024"]
[Site "Rhodes"]
[Date "2024.10.22"]
[Round "3.14"]
[White "Skwarczynski, Marcin"]
[Black "Schott, Guido"]
[Result "1-0"]
[ECO "A83"]
[WhiteElo "1940"]
[BlackElo "2059"]
[Annotator "RC"]
[PlyCount "85"]
[EventDate "2024.09.18"]
[EventType "swiss"]
[EventCountry "GRE"]
[SourceTitle "playchess.com"]
[Source "ChessBase"]
[SourceQuality "1"]
[TimeControl "5400+30"]

1. d4 f5 2. e4 fxe4 3. Nc3 Nf6 4. Bg5 Nc6 5. f3 e3 6. Bxe3 d5 7. Bf4 a6 8. g4 Be6 9. h4 Bf7 10. Qd2 e6 11. a3 Bd6 12. Nge2 Qe7 13. Qe3 O-O-O 14. Bh3 Kb8 15. Bxd6 Rxd6 16. f4 Re8 17. b4 Bg6 18. Rc1 Ne4 19. Bg2 Nxc3 20. Nxc3 Qf6 21. h5 Bf7 22. Ne2 g6 23. g5 Qh8 24. h6 e5 25. dxe5 Nxe5 26. fxe5 Rxe5 27. Qd2 Rde6 28. Bf3 Re3 29. Kf2 Qe5 30. Nd4 Qf4 31. Rce1 R6e4 32. Rxe3 Rxd4 33. Qc1 Rc4 34. Rd3 Qf5 35. Qd2 Rf4 36. Rg1 d4 37. Rg3 Bd5 38. Kg2 Rxf3 39. Rdxf3 Bxf3+ 40. Rxf3 Qg4+ 41. Rg3 Qe4+ 42. Kg1 Qe5 43. Qf2 1-0

[Event "34rd NATO Championship 2024"]
[Site "Rhodes"]
[Date "2024.10.22"]
[Round "3.15"]
[White "Michalowski, Patryk"]
[Black "Tucker, David S"]
[Result "1-0"]
[ECO "B39"]
[WhiteElo "2054"]
[BlackElo "1921"]
[Annotator "RC"]
[PlyCount "81"]
[EventDate "2024.09.18"]
[EventType "swiss"]
[EventCountry "GRE"]
[SourceTitle "playchess.com"]
[Source "ChessBase"]
[SourceQuality "1"]
[TimeControl "5400+30"]

1. e4 c5 2. Nf3 Nc6 3. d4 cxd4 4. Nxd4 g6 5. c4 Bg7 6. Be3 Nf6 7. Nc3 Ng4 8. Qxg4 Nxd4 9. Qd1 Ne6 10. Rc1 Qa5 11. Be2 b6 12. O-O Bb7 13. f3 g5 14. Rf2 h5 15. Bf1 Qe5 16. Nd5 Rd8 17. Rd2 h4 18. b4 Qb8 19. Qa4 Be5 20. h3 Rh6 21. Rcd1 Bc6 22. b5 Bxd5 23. Rxd5 d6 24. c5 dxc5 25. Rxd8+ Nxd8 26. Bxg5 Rg6 27. Bxh4 Bd4+ 28. Rxd4 cxd4 29. Qxd4 Qd6 30. Qh8+ Kd7 31. Bf2 e5 32. h4 Rh6 33. Qg7 Rg6 34. Qh7 Qe6 35. Be3 Qxa2 36. h5 Rd6 37. Qf5+ Qe6 38. h6 Qxf5 39. exf5 f6 40. Bc4 Rd1+ 41. Kh2 1-0

[Event "34rd NATO Championship 2024"]
[Site "Rhodes"]
[Date "2024.10.22"]
[Round "3.16"]
[White "Kapsomenakis, Petros"]
[Black "Mihailov, Iulian"]
[Result "1/2-1/2"]
[ECO "A80"]
[WhiteElo "1914"]
[BlackElo "2048"]
[Annotator "RC"]
[PlyCount "75"]
[EventDate "2024.09.18"]
[EventType "swiss"]
[EventCountry "GRE"]
[SourceTitle "playchess.com"]
[Source "ChessBase"]
[SourceQuality "1"]
[TimeControl "5400+30"]

1. d4 e6 2. Nf3 f5 3. Bf4 Nf6 4. e3 b6 5. Nbd2 Bb7 6. Be2 Be7 7. O-O Ne4 8. Nxe4 fxe4 9. Nd2 O-O 10. c3 Bd6 11. Bxd6 cxd6 12. Qc2 d5 13. Rae1 Ba6 14. Bxa6 Nxa6 15. f3 exf3 16. Nxf3 Nc7 17. e4 Qe7 18. e5 b5 19. Re2 Rac8 20. Qd3 a6 21. Ref2 Rf5 22. Nd2 Rxf2 23. Rxf2 Rf8 24. Qf1 Rxf2 25. Qxf2 h6 26. Nb3 b4 27. Nc5 bxc3 28. bxc3 Nb5 29. Qb2 Qh4 30. g3 Qg5 31. Kf2 Qf5+ 32. Kg2 Qg6 33. a4 d6 34. axb5 dxc5 35. bxa6 Qe4+ 36. Kg1 Qe1+ 37. Kg2 Qe4+ 38. Kg1 1/2-1/2

[Event "34rd NATO Championship 2024"]
[Site "Rhodes"]
[Date "2024.10.22"]
[Round "3.17"]
[White "Hof - Van Run, Rieke"]
[Black "Jeselson, Andrew"]
[Result "0-1"]
[ECO "B21"]
[WhiteElo "2038"]
[BlackElo "1858"]
[Annotator "RC"]
[PlyCount "76"]
[EventDate "2024.09.18"]
[EventType "swiss"]
[EventCountry "GRE"]
[SourceTitle "playchess.com"]
[Source "ChessBase"]
[SourceQuality "1"]
[TimeControl "5400+30"]

1. e4 c5 2. f4 d5 3. exd5 Nf6 4. Bb5+ Bd7 5. Bxd7+ Qxd7 6. c4 e6 7. dxe6 fxe6 8. Nf3 Bd6 9. d3 Nc6 10. Nc3 O-O 11. Qe2 e5 12. fxe5 Nxe5 13. O-O Rae8 14. Bg5 Nxf3+ 15. Qxf3 Bxh2+ 16. Kh1 Be5 17. Rae1 Bxc3 18. Rxe8 Qxe8 19. bxc3 Ng4 20. Qxf8+ Qxf8 21. Rxf8+ Kxf8 22. d4 Nf2+ 23. Kg1 Ne4 24. Be3 Nxc3 25. d5 b6 26. a3 Ne4 27. Bf4 Ke7 28. Be5 g6 29. Bf4 Nd6 30. Bxd6+ Kxd6 31. Kf2 b5 32. cxb5 Kxd5 33. Ke2 Kc4 34. a4 h5 35. Ke3 Kb4 36. Kd3 g5 37. g3 Kxa4 38. Kc4 h4 0-1

[Event "34rd NATO Championship 2024"]
[Site "Rhodes"]
[Date "2024.10.22"]
[Round "3.19"]
[White "Pietruszewski, Marcin"]
[Black "Hater, David"]
[Result "1-0"]
[ECO "D78"]
[WhiteElo "2174"]
[BlackElo "1922"]
[Annotator "RC"]
[PlyCount "61"]
[EventDate "2024.09.18"]
[EventType "swiss"]
[EventCountry "GRE"]
[SourceTitle "playchess.com"]
[Source "ChessBase"]
[SourceQuality "1"]
[TimeControl "5400+30"]

1. d4 Nf6 2. c4 g6 3. Nf3 Bg7 4. g3 O-O 5. Bg2 c6 6. O-O d5 7. Nbd2 Nbd7 8. b3 b6 9. Bb2 Bb7 10. Rc1 Rc8 11. e3 e6 12. Qe2 Rc7 13. Rfd1 Qc8 14. b4 Rd8 15. a4 c5 16. dxc5 bxc5 17. b5 Nb6 18. a5 Nxc4 19. Nxc4 dxc4 20. Qxc4 Rxd1+ 21. Rxd1 Bd5 22. Qh4 Nh5 23. Bxg7 Kxg7 24. e4 Bb3 25. Rd8 Qb7 26. g4 Nf4 27. e5 Nxg2 28. Qf6+ Kh6 29. Qg5+ Kg7 30. Qf6+ Kh6 31. Rg8 1-0

[Event "34rd NATO Championship 2024"]
[Site "Rhodes"]
[Date "2024.10.22"]
[Round "3.20"]
[White "Van de Walle, Rob"]
[Black "Jauk, Wilhelm"]
[Result "0-1"]
[ECO "E14"]
[WhiteElo "1900"]
[BlackElo "2143"]
[Annotator "RC"]
[PlyCount "118"]
[EventDate "2024.09.18"]
[EventType "swiss"]
[EventCountry "GRE"]
[SourceTitle "playchess.com"]
[Source "ChessBase"]
[SourceQuality "1"]
[TimeControl "5400+30"]

1. d4 d5 2. c4 e6 3. Nc3 Nf6 4. Nf3 Be7 5. e3 O-O 6. Bd3 b6 7. cxd5 exd5 8. O-O Bb7 9. Ne5 c5 10. Kh1 Nc6 11. f4 cxd4 12. exd4 Nxd4 13. Bxh7+ Nxh7 14. Qxd4 Bc5 15. Qd3 Nf6 16. Rd1 Qe7 17. Be3 Rfd8 18. Bd4 Rac8 19. Rac1 Bd6 20. Re1 Qf8 21. Rcd1 Bc5 22. Rd2 Ne4 23. Rde2 Bxd4 24. Qxd4 Qc5 25. Qxc5 Rxc5 26. Nf3 Nxc3 27. bxc3 Rxc3 28. Re7 Bc6 29. Nd4 Bd7 30. h3 Rc4 31. Rd1 Kf8 32. Re3 g6 33. Kh2 Rdc8 34. Red3 Ra4 35. a3 Be6 36. g4 Kg7 37. f5 gxf5 38. gxf5 Bd7 39. Kg3 Kf6 40. h4 Rg8+ 41. Kf3 Rh8 42. Kg3 Rh5 43. Rf1 a6 44. Rf4 b5 45. Kg4 Rh8 46. Kg3 a5 47. Nf3 Rxf4 48. Kxf4 Bc6 49. Rc3 Ba8 50. Kg4 Re8 51. Ng5 d4 52. Rc7 Bd5 53. Rd7 Re5 54. Rd6+ Ke7 55. Ra6 d3 56. Nf3 Bxf3+ 57. Kxf3 d2 58. f6+ Kd7 59. Ra7+ Kc6 0-1

[Event "34rd NATO Championship 2024"]
[Site "Rhodes"]
[Date "2024.10.22"]
[Round "3.21"]
[White "Mautone, Valerio"]
[Black "Unruh, Charles M"]
[Result "0-1"]
[ECO "B07"]
[WhiteElo "2117"]
[BlackElo "1911"]
[Annotator "RC"]
[PlyCount "142"]
[EventDate "2024.09.18"]
[EventType "swiss"]
[EventCountry "GRE"]
[SourceTitle "playchess.com"]
[Source "ChessBase"]
[SourceQuality "1"]
[TimeControl "5400+30"]

1. e4 d6 2. d4 Nf6 3. Nc3 g6 4. Be3 c6 5. Qd2 b5 6. f3 Nbd7 7. d5 cxd5 8. Bxb5 dxe4 9. O-O-O Qc7 10. fxe4 Bg7 11. Nf3 O-O 12. Bh6 Bb7 13. Bxg7 Kxg7 14. Rhe1 Rac8 15. Kb1 Rfd8 16. Nd4 Qc5 17. h3 h6 18. g4 Qe5 19. Nf3 Qg3 20. Ng1 Ne5 21. Re3 Qf4 22. Qe2 a6 23. Rf1 Qg5 24. Bd3 h5 25. gxh5 Nxh5 26. Nf3 Nxf3 27. Rexf3 Nf6 28. Bxa6 Bxa6 29. Qxa6 Ra8 30. Qb7 Qe5 31. Qb5 Qe6 32. b3 Rdc8 33. Qd3 Rf8 34. Qd4 Kg8 35. h4 Ra5 36. Qb4 Re5 37. Rf4 Nh5 38. R4f2 Ng3 39. Re1 Qg4 40. Rh2 Qf4 41. Nd5 Rxd5 42. Qb6 Nxe4 43. Rg2 Nc3+ 44. Kb2 Qf6 45. Kc1 Na4 46. bxa4 Qf4+ 47. Qe3 Qxa4 48. Qb3 Qf4+ 49. Kb1 e6 50. Ka1 Qf6+ 51. c3 Rc8 52. Rc2 Rdc5 53. Rec1 Qxh4 54. Qb2 Qf6 55. Rf2 Qe5 56. Rfc2 d5 57. Qb4 Rc4 58. Qa5 Qd6 59. Kb1 Qc6 60. Kb2 d4 61. Qa3 d3 62. Rd2 Ra4 63. Qe7 Qc4 64. a3 Rb8+ 65. Ka1 Qb3 66. Ra2 d2 67. Qg5 dxc1=Q+ 68. Qxc1 Rc8 69. Rb2 Qxa3+ 70. Kb1 Qa1+ 71. Kc2 Rxc3+ 0-1

[Event "34rd NATO Championship 2024"]
[Site "Rhodes"]
[Date "2024.10.22"]
[Round "3.22"]
[White "Sauer, Marko"]
[Black "Kruit, Erik"]
[Result "1-0"]
[ECO "B32"]
[WhiteElo "2086"]
[BlackElo "1899"]
[Annotator "RC"]
[PlyCount "65"]
[EventDate "2024.09.18"]
[EventType "swiss"]
[EventCountry "GRE"]
[SourceTitle "playchess.com"]
[Source "ChessBase"]
[SourceQuality "1"]
[TimeControl "5400+30"]

1. e4 c5 2. Nf3 Nc6 3. d4 cxd4 4. Nxd4 e5 5. Nb5 a6 6. Nd6+ Bxd6 7. Qxd6 Qf6 8. Qd3 Nge7 9. Be3 d5 10. exd5 Nb4 11. Qd2 Nbxd5 12. Bg5 Qb6 13. c4 f6 14. cxd5 fxg5 15. Bc4 Bd7 16. O-O Qd4 17. Qxd4 exd4 18. Re1 Kd8 19. Nd2 Rc8 20. Bb3 g4 21. Re4 b5 22. Rxd4 Bf5 23. Nf1 h5 24. Ne3 Rf8 25. a4 Kd7 26. axb5 axb5 27. Bd1 Kd6 28. Be2 Bd7 29. Ra6+ Ke5 30. Rd1 Rf4 31. Bxb5 Bf5 32. Nxf5 Kxf5 33. Bd7+ 1-0

[Event "34rd NATO Championship 2024"]
[Site "Rhodes"]
[Date "2024.10.22"]
[Round "3.23"]
[White "Dino, Giuseppe"]
[Black "Wells, Daniel J"]
[Result "1-0"]
[ECO "B20"]
[WhiteElo "1884"]
[BlackElo "2036"]
[Annotator "RC"]
[PlyCount "135"]
[EventDate "2024.09.18"]
[EventType "swiss"]
[EventCountry "GRE"]
[SourceTitle "playchess.com"]
[Source "ChessBase"]
[SourceQuality "1"]
[TimeControl "5400+30"]

1. g3 g6 2. Bg2 Bg7 3. e4 c5 4. f4 Nc6 5. c3 d6 6. Nf3 e5 7. O-O Nge7 8. d3 O-O 9. Na3 d5 10. exd5 Nxd5 11. Nxe5 Nxe5 12. fxe5 Bxe5 13. Qf3 Be6 14. Bh6 Bg7 15. Bxg7 Kxg7 16. Nc4 b5 17. Nd2 Rc8 18. Ne4 f5 19. Nf2 Rc7 20. Rae1 Bg8 21. Re5 Nf6 22. a3 Re8 23. Rfe1 Rce7 24. Rxe7+ Rxe7 25. Rxe7+ Qxe7 26. Qc6 Qe1+ 27. Bf1 Nd5 28. h4 Qe3 29. Kg2 Qe5 30. d4 cxd4 31. cxd4 Qxd4 32. Qxb5 Ne3+ 33. Kg1 Ng4 34. Qb7+ Kf6 35. Qf3 Ne5 36. Qc3 Qb6 37. b4 Bd5 38. Bg2 Qb7 39. Nd3 Bxg2 40. Qxe5+ Kf7 41. Nf4 Be4 42. Qh8 Qb6+ 43. Kf1 Qe3 44. Qxh7+ Ke8 45. Qxg6+ Kd7 46. Qe6+ Kd8 47. Qd6+ Ke8 48. Qe5+ Kd7 49. Qb5+ Kd8 50. Ne6+ Ke7 51. Qc5+ Qxc5 52. Nxc5 Bf3 53. Kf2 Bh5 54. Ke3 Kd6 55. Kf4 Bg4 56. h5 Bxh5 57. Kxf5 Kc6 58. Nd3 Kb5 59. Nb2 a5 60. bxa5 Kxa5 61. g4 Bf7 62. Kf6 Ba2 63. g5 Kb5 64. g6 Kc5 65. g7 Kd4 66. Ke7 Kc3 67. a4 Kxb2 68. a5 1-0

[Event "34rd NATO Championship 2024"]
[Site "Rhodes"]
[Date "2024.10.22"]
[Round "3.24"]
[White "Steffers, Hendrik"]
[Black "Hadzicki, Tomasz"]
[Result "0-1"]
[ECO "C41"]
[WhiteElo "1882"]
[BlackElo "2034"]
[Annotator "RC"]
[PlyCount "144"]
[EventDate "2024.09.18"]
[EventType "swiss"]
[EventCountry "GRE"]
[SourceTitle "playchess.com"]
[Source "ChessBase"]
[SourceQuality "1"]
[TimeControl "5400+30"]

1. d4 Nf6 2. Nf3 d6 3. Nc3 Nbd7 4. e4 e5 5. Be2 c6 6. h3 Be7 7. Be3 Qa5 8. O-O O-O 9. a3 Qc7 10. Qd2 Re8 11. Bd3 Nf8 12. Ne2 Ng6 13. c4 Bd7 14. d5 c5 15. b4 b6 16. b5 a6 17. a4 axb5 18. axb5 Ra7 19. Rxa7 Qxa7 20. Nh2 Ra8 21. f4 exf4 22. Nxf4 Ne5 23. Nf3 Nxd3 24. Qxd3 Qa3 25. e5 dxe5 26. Nxe5 Bd6 27. Nxd7 Nxd7 28. Bc1 Qxd3 29. Nxd3 Ra4 30. Bf4 Bxf4 31. Rxf4 Ra3 32. Rf3 Kf8 33. Kh2 Ke7 34. Ne5 Rxf3 35. Nxf3 Nf6 36. Nd2 Kd6 37. Kg3 Ke5 38. Kf3 Kd4 39. Ke2 Ne8 40. g3 f5 41. Kd1 Kd3 42. Ke1 Nd6 43. Kd1 Nf7 44. h4 g6 45. Ke1 h6 46. Kd1 g5 47. hxg5 hxg5 48. Ke1 f4 49. g4 Ke3 50. Nb3 Nd6 51. Nd2 f3 52. Nf1+ Kf4 53. Nd2 Ke3 54. Nf1+ Kd3 55. Kf2 Kxc4 56. Ne3+ Kxb5 57. Kxf3 c4 58. Nf5 Kc5 59. Ne3 b5 60. Ke2 b4 61. Kd2 Ne4+ 62. Kc1 b3 63. Kb2 Kb4 64. Nd1 c3+ 65. Nxc3 Nxc3 66. d6 Na4+ 67. Kb1 Nc5 68. Kb2 Kc4 69. Kb1 Kc3 70. Kc1 b2+ 71. Kb1 Kb3 72. d7 Na4 0-1

[Event "34rd NATO Championship 2024"]
[Site "Rhodes"]
[Date "2024.10.22"]
[Round "3.25"]
[White "Tommasini, Enzo"]
[Black "Skaburskis, Martynas"]
[Result "1-0"]
[ECO "E06"]
[WhiteElo "2026"]
[BlackElo "1893"]
[Annotator "RC"]
[PlyCount "103"]
[EventDate "2024.09.18"]
[EventType "swiss"]
[EventCountry "GRE"]
[SourceTitle "playchess.com"]
[Source "ChessBase"]
[SourceQuality "1"]
[TimeControl "5400+30"]

1. Nf3 d5 2. g3 Nf6 3. Bg2 e6 4. O-O Be7 5. d4 O-O 6. c4 c6 7. Nc3 Re8 8. Nd2 Nbd7 9. e4 dxe4 10. Ndxe4 Nxe4 11. Nxe4 Nf6 12. Be3 Qc7 13. Qc2 h6 14. Bf4 Qa5 15. Nd6 Rd8 16. c5 Bxd6 17. Bxd6 Ne8 18. Be5 f6 19. Bf4 Rxd4 20. Qg6 Kf8 21. Be3 Rd8 22. Bf3 Qc7 23. Rfd1 Rxd1+ 24. Rxd1 e5 25. Bh5 Be6 26. Qh7 Rd8 27. Re1 Bf7 28. Qh8+ Ke7 29. Bxf7 Kxf7 30. Qh7 Ke6 31. f4 Rd5 32. f5+ Kd7 33. Bxh6 Rxc5 34. Be3 Rd5 35. b4 a5 36. a3 Kc8 37. Qg8 Qd7 38. Kg2 axb4 39. axb4 Rd3 40. Qf8 Kc7 41. g4 Nd6 42. Qa8 Nc4 43. Bf2 Qd5+ 44. Kg1 Nd2 45. Re3 Nf3+ 46. Kf1 Nxh2+ 47. Kg1 Rxe3 48. Bxe3 Nxg4 49. Bc5 Qd1+ 50. Kg2 Qe2+ 51. Kg3 Nh6 52. Bb6+ 1-0

[Event "34rd NATO Championship 2024"]
[Site "Rhodes"]
[Date "2024.10.22"]
[Round "3.26"]
[White "Simard, Francois"]
[Black "Loving, Jason"]
[Result "0-1"]
[ECO "E61"]
[WhiteElo "1868"]
[BlackElo "2021"]
[Annotator "RC"]
[PlyCount "110"]
[EventDate "2024.09.18"]
[EventType "swiss"]
[EventCountry "GRE"]
[SourceTitle "playchess.com"]
[Source "ChessBase"]
[SourceQuality "1"]
[TimeControl "5400+30"]

1. d4 Nf6 2. c4 g6 3. Nc3 Bg7 4. Bg5 d6 5. Qd2 h6 6. Bf4 Nc6 7. Nf3 Bf5 8. d5 e5 9. Bg3 Nb8 10. e3 Na6 11. Be2 Nc5 12. O-O a5 13. Qd1 Nfe4 14. Nxe4 Nxe4 15. Nd2 Nxg3 16. hxg3 Bd7 17. e4 O-O 18. g4 Qg5 19. g3 Rae8 20. Kg2 f5 21. gxf5 gxf5 22. f3 f4 23. g4 h5 24. Rh1 hxg4 25. fxg4 Kf7 26. Rh5 Qg6 27. g5 Ke7 28. Bg4 f3+ 29. Bxf3 Rf4 30. Qe2 Ref8 31. Rah1 Kd8 32. Kg3 Bf6 33. Kf2 Bxg5 34. Rh8 Qg7 35. Rxf8+ Rxf8 36. Ke1 Rh8 37. Rxh8+ Qxh8 38. Kd1 Qh4 39. Kc2 Qf4 40. Kd1 b6 41. b3 a4 42. Kc2 Kc8 43. Kd3 Kb7 44. Nf1 Qc1 45. Qd1 Qb2 46. Qc2 Qd4+ 47. Ke2 Bh3 48. Nd2 Qe3+ 49. Kd1 Qf2 50. Bh5 Qg1+ 51. Ke2 Bd7 52. Bf3 Qe3+ 53. Kd1 Qf2 54. Be2 Qg1+ 55. Bf1 Bxd2 0-1

[Event "34rd NATO Championship 2024"]
[Site "Rhodes"]
[Date "2024.10.22"]
[Round "3.27"]
[White "Duren, Andrew"]
[Black "Ivbulis, Martins"]
[Result "1/2-1/2"]
[ECO "D02"]
[WhiteElo "2015"]
[BlackElo "1891"]
[Annotator "RC"]
[PlyCount "72"]
[EventDate "2024.09.18"]
[EventType "swiss"]
[EventCountry "GRE"]
[SourceTitle "playchess.com"]
[Source "ChessBase"]
[SourceQuality "1"]
[TimeControl "5400+30"]

1. d4 d5 2. Bf4 e6 3. e3 Bd6 4. Bg3 Nf6 5. Nd2 O-O 6. Bd3 b6 7. Ngf3 Ba6 8. Bxa6 Nxa6 9. c3 Nb8 10. Ne5 c5 11. O-O Qc7 12. f4 Nc6 13. Qf3 Ne7 14. Bf2 Rad8 15. a4 Ne8 16. Qh3 Qc8 17. Kh1 f6 18. Nef3 Nc6 19. g4 e5 20. dxe5 fxe5 21. f5 Be7 22. Bh4 Bxh4 23. Qxh4 Rd6 24. Qg3 h5 25. Nxe5 Nxe5 26. Qxe5 hxg4 27. Rf4 Qc6 28. Rxg4 Nf6 29. Rg2 Re8 30. Qf4 Nh5 31. Qf3 Rh6 32. Rag1 Re5 33. Rg5 Qe8 34. Nf1 Kh8 35. R1g4 Nf6 36. Rg2 Nh5 1/2-1/2

[Event "34rd NATO Championship 2024"]
[Site "Rhodes"]
[Date "2024.10.22"]
[Round "3.28"]
[White "Risk, Gregory"]
[Black "Kedzierski, Slawomir"]
[Result "0-1"]
[ECO "E06"]
[WhiteElo "1862"]
[BlackElo "2013"]
[Annotator "RC"]
[PlyCount "76"]
[EventDate "2024.09.18"]
[EventType "swiss"]
[EventCountry "GRE"]
[SourceTitle "playchess.com"]
[Source "ChessBase"]
[SourceQuality "1"]
[TimeControl "5400+30"]

1. Nf3 Nf6 2. c4 e6 3. g3 b6 4. Bg2 Bb7 5. O-O Be7 6. d4 O-O 7. Nc3 d5 8. Ne5 c6 9. b3 Nfd7 10. Nxd7 Nxd7 11. e4 dxe4 12. Nxe4 Nf6 13. Be3 Qd7 14. Qe2 Rfd8 15. Rad1 g6 16. Nc3 Rac8 17. Bg5 Kg7 18. Ne4 Nxe4 19. Bxe7 Qxe7 20. Qxe4 Rd7 21. Qe2 Rcd8 22. Rfe1 Qf6 23. Bf3 Rxd4 24. Rxd4 Qxd4 25. Kg2 Rd7 26. Be4 Qc3 27. Rd1 Rd4 28. Rxd4 Qxd4 29. Qf3 Qd6 30. Qc3+ e5 31. a3 f5 32. Bf3 Kg8 33. c5 Qxc5 34. Qd2 Qe7 35. Qc3 c5 36. Qc4+ Kg7 37. Bd5 b5 38. Qd3 Qd6 0-1

[Event "34rd NATO Championship 2024"]
[Site "Rhodes"]
[Date "2024.10.22"]
[Round "3.29"]
[White "Van Drie, Rik"]
[Black "Bublys, Vaidotas"]
[Result "1-0"]
[ECO "D37"]
[WhiteElo "2013"]
[BlackElo "1872"]
[Annotator "RC"]
[PlyCount "57"]
[EventDate "2024.09.18"]
[EventType "swiss"]
[EventCountry "GRE"]
[SourceTitle "playchess.com"]
[Source "ChessBase"]
[SourceQuality "1"]
[TimeControl "5400+30"]

1. c4 e6 2. Nc3 Nf6 3. Nf3 d5 4. d4 g6 5. Bg5 Bg7 6. e3 c6 7. Be2 Qb6 8. Qc2 Nbd7 9. O-O O-O 10. c5 Qd8 11. b4 Qe7 12. b5 e5 13. bxc6 bxc6 14. Qa4 Bb7 15. Rab1 Rfb8 16. Rb3 a5 17. Rfb1 Ra7 18. Nxd5 Qe6 19. Nxf6+ Bxf6 20. Bc4 Qe7 21. Bxf6 Qxf6 22. Nxe5 Nxe5 23. dxe5 Qxe5 24. Qa3 Qc7 25. Qb2 Kf8 26. h3 Kg8 27. Rb6 Qe7 28. Qd4 Qg5 29. Qd7 1-0

[Event "34rd NATO Championship 2024"]
[Site "Rhodes"]
[Date "2024.10.22"]
[Round "3.30"]
[White "Korge, Kersti"]
[Black "Michalski, Daniel"]
[Result "0-1"]
[ECO "A00"]
[WhiteElo "1854"]
[BlackElo "2011"]
[Annotator "RC"]
[PlyCount "68"]
[EventDate "2024.09.18"]
[EventType "swiss"]
[EventCountry "GRE"]
[SourceTitle "playchess.com"]
[Source "ChessBase"]
[SourceQuality "1"]
[TimeControl "5400+30"]

1. b4 e5 2. Bb2 f6 3. a3 d5 4. e3 Be6 5. Nf3 Bd6 6. d4 e4 7. Nfd2 Ne7 8. c4 c6 9. cxd5 cxd5 10. Nc3 Nbc6 11. Qb3 Bf7 12. Be2 O-O 13. Nb5 Bb8 14. O-O Nf5 15. Bg4 Nd6 16. Nxd6 Qxd6 17. g3 Ne7 18. Rac1 f5 19. Be2 Qg6 20. b5 f4 21. exf4 Bxf4 22. Rc2 Nf5 23. Kh1 Bd6 24. f4 exf3 25. Rxf3 Nxg3+ 26. Rxg3 Bxg3 27. hxg3 Qh6+ 28. Kg2 Rae8 29. Nf1 Be6 30. g4 Qg6 31. Ne3 Qe4+ 32. Kg1 Rf6 33. Bd3 Qxe3+ 34. Kg2 Rf3 0-1

[Event "34rd NATO Championship 2024"]
[Site "Rhodes"]
[Date "2024.10.22"]
[Round "3.31"]
[White "Cheung, Jan"]
[Black "Allmann, Lauri"]
[Result "1-0"]
[ECO "E10"]
[WhiteElo "2010"]
[BlackElo "1852"]
[Annotator "RC"]
[PlyCount "101"]
[EventDate "2024.09.18"]
[EventType "swiss"]
[EventCountry "GRE"]
[SourceTitle "playchess.com"]
[Source "ChessBase"]
[SourceQuality "1"]
[TimeControl "5400+30"]

1. d4 Nf6 2. c4 Nc6 3. Nf3 e6 4. g3 Bb4+ 5. Bd2 O-O 6. Bg2 Rb8 7. O-O d5 8. cxd5 Nxd5 9. Nc3 Nxc3 10. bxc3 Be7 11. e4 b6 12. Qe2 a5 13. Rfd1 Bb7 14. h4 Re8 15. Bf4 Bd6 16. e5 Bf8 17. Ng5 Qe7 18. Ne4 h6 19. h5 Nd8 20. Bf3 f5 21. exf6 gxf6 22. Kg2 f5 23. Nd2 Kh7 24. Re1 Bg7 25. Qd3 Qf7 26. Re2 Qxh5 27. Bxc7 Nf7 28. d5 Bxd5 29. Qxd5 exd5 30. Bxh5 Rxe2 31. Bxe2 Rb7 32. Bf4 Bxc3 33. Rc1 d4 34. Bd3 b5 35. Bxf5+ Kg7 36. Kf1 Kf6 37. Bc2 Ke7 38. Ne4 Bb2 39. Rb1 Bc3 40. Ke2 b4 41. Kd3 Rb6 42. Rh1 Rc6 43. Bb3 Nd8 44. Rxh6 Rxh6 45. Bxh6 Nc6 46. Bf4 Kf8 47. Ba4 Nd8 48. Be5 Nf7 49. Bxd4 Be1 50. f4 Nh6 51. Ke2 1-0

[Event "34rd NATO Championship 2024"]
[Site "Rhodes"]
[Date "2024.10.22"]
[Round "3.32"]
[White "Pirs, Matjaz"]
[Black "Voroblievas, Arturas"]
[Result "1-0"]
[ECO "D00"]
[WhiteElo "2203"]
[BlackElo "1819"]
[Annotator "RC"]
[PlyCount "103"]
[EventDate "2024.09.18"]
[EventType "swiss"]
[EventCountry "GRE"]
[SourceTitle "playchess.com"]
[Source "ChessBase"]
[SourceQuality "1"]
[TimeControl "5400+30"]

1. d4 d5 2. Bf4 Nf6 3. e3 c5 4. c3 Nc6 5. Nd2 Qb6 6. Qb3 c4 7. Qc2 g6 8. Ngf3 Bf5 9. Qc1 Bg7 10. Be2 O-O 11. h3 h5 12. Ne5 Rad8 13. f3 Nxe5 14. Bxe5 h4 15. O-O Nh5 16. Bxg7 Ng3 17. Rf2 Kxg7 18. e4 Be6 19. exd5 Bxd5 20. Bxc4 Qc6 21. Bxd5 Qxd5 22. Qe1 f6 23. Nf1 Nf5 24. Ne3 Nxe3 25. Qxe3 Rfe8 26. a3 e5 27. dxe5 Rxe5 28. Qxa7 Rd7 29. Qa4 g5 30. Raf1 b5 31. Qc2 Qc5 32. Kh1 Rde7 33. Qd2 Rd5 34. Qc1 Rde5 35. Qc2 Qc4 36. b3 Qc5 37. Qb2 Re3 38. a4 bxa4 39. bxa4 Rxc3 40. Ra1 Rce3 41. Qd2 Qe5 42. Raf1 Ra3 43. f4 Qe4 44. fxg5 Rxh3+ 45. Kg1 Re5 46. gxh3 Rxg5+ 47. Rg2 Rg3 48. Rxg3+ hxg3 49. Qf4 Qg6 50. Qxf6+ Qxf6 51. Rxf6 Kxf6 52. a5 1-0

[Event "34rd NATO Championship 2024"]
[Site "Rhodes"]
[Date "2024.10.22"]
[Round "3.33"]
[White "Ulusoy, Mustafa"]
[Black "Pazeriene, Diana"]
[Result "0-1"]
[ECO "A48"]
[WhiteElo "1785"]
[BlackElo "1993"]
[Annotator "RC"]
[PlyCount "78"]
[EventDate "2024.09.18"]
[EventType "swiss"]
[EventCountry "GRE"]
[SourceTitle "playchess.com"]
[Source "ChessBase"]
[SourceQuality "1"]
[TimeControl "5400+30"]

1. d4 Nf6 2. Nf3 g6 3. Bg5 Bg7 4. Bxf6 Bxf6 5. e4 d6 6. c3 O-O 7. Nbd2 Nd7 8. Be2 e5 9. d5 Bg7 10. O-O h6 11. Re1 f5 12. exf5 gxf5 13. Nb3 Nf6 14. c4 b6 15. Qc2 Nh7 16. Rad1 Bd7 17. Nc1 a5 18. a4 Qf6 19. b3 Ng5 20. Nxg5 hxg5 21. f3 Kf7 22. Na2 Rh8 23. Nc3 Ke7 24. Nb5 Kd8 25. Bd3 Kc8 26. Rc1 Kb7 27. Nc3 e4 28. fxe4 Qd4+ 29. Kh1 Be5 30. h3 f4 31. Ne2 Qc5 32. Ng1 g4 33. Bf1 f3 34. gxf3 gxh3 35. Re2 Rag8 36. Bxh3 Bxh3 37. Nxh3 Rxh3+ 38. Rh2 Rxh2+ 39. Qxh2 Bxh2 0-1